 Dungeon Crawl Stone Soup version 0.32-a0-43-g058985b245 (webtiles) character file.

Game seed: 13866373011274063738

621 Atraxa the Digger (level 7, -13/49 HPs)
             Began as a Mummy Earth Elementalist on Feb 4, 2024.
             Mangled by an orc warrior
             ... wielding a +0 battleaxe
              (21 damage)
             ... on level 7 of the Dungeon.
             The game lasted 00:04:14 (3554 turns).

Atraxa the Digger (Mummy Earth Elementalist)        Turns: 3554, Time: 00:04:14

Health: -13/49     AC:  5    Str: 13    XL:     7   Next: 22%
Magic:  0/12       EV: 12    Int: 17    God:
Gold:   167        SH:  0    Dex: 15    Spells: 9/13 levels left

rFire   + . .        f - +10 dagger of the Wasp {flame, rF+ Str+2 Dex+3}
rCold   + . .        (no shield)
rNeg    + + +        a - +0 robe
rPois   ∞            (no helmet)
rElec   .            (no cloak)
rCorr   .            (no gloves)
SInv    .            b - +2 pair of boots
Will    .....        (no amulet)
Stlth   ++           F - ring of protection from fire
HPRegen 0.28/turn    (no ring)
MPRegen 0.13/turn

%: faith
@: no status effects
A: cold resistance 1, negative energy resistance 3, torment resistance 2, heat
vulnerability 1, in touch with death 1, no potions, faith
a: no special abilities


You were on level 7 of the Dungeon.
You visited 1 branch of the dungeon, and saw 5 of its levels.

You collected 167 gold pieces.

Inventory:

Hand Weapons
 f - the +10 dagger of the Wasp (weapon) {flame, rF+ Str+2 Dex+3}
   (You found it on level 2 of the Dungeon)

   Str+2:     It affects your strength (+2).
   Dex+3:     It affects your dexterity (+3).
   rF+:       It protects you from fire.
Armour
 a - a +0 robe (worn)
 b - a +2 pair of boots (worn)
Jewellery
 F - a ring of protection from fire (left hand)
Wands
 h - a wand of polymorph (12)
Scrolls
 c - a scroll of teleportation {unknown}
 d - 2 scrolls of fog {unknown}
 e - a scroll of identify {unknown}
 g - a scroll of enchant armour {unknown}
 i - a scroll of amnesia {unknown}
 j - a scroll of fear {unknown}
 k - a scroll of enchant weapon {unknown}


   Skills:
 + Level 1.8 Fighting
 - Level 1.5 Dodging
 - Level 1.5 Stealth
 + Level 3.9 Spellcasting
 - Level 4.0 Conjurations
 - Level 5.0 Earth Magic


You had 9 spell levels left.
You knew the following spells:

 Your Spells              Type           Power      Damage    Failure   Level
a - Stone Arrow           Conj/Erth      36%        3d9       8%          3
s - Sandblast             Erth           40%        2d10      1%          1

Your spell library contained the following spells:

 Spells                   Type           Power      Damage    Failure   Level
 Passwall                 Erth           20%        N/A       6%          3
 Brom's Barrelling Bould  Conj/Erth      18%        2d4       26%         4
 Petrify                  Alch/Erth      11%        N/A       50%         4
 Ignite Poison            Fire/Alch      3%         N/A       85%         4
 Sticky Flame             Fire/Alch      3%         2d4       85%         4
 Malign Gateway           Summ/Tloc      1%         N/A       100%        7
 Ignition                 Fire           1%         3d3       100%        8
 Summon Horrible Things   Summ           1%         N/A       100%        8


Dungeon Overview and Level Annotations

Branches:
Dungeon (4/15)
 Temple: D:4-7

Altars:
Gozag


Innate Abilities, Weirdness & Mutations

You are immune to poison.
Your flesh is cold resistant. (rC+)
You are immune to negative energy. (rN+++)
You are immune to unholy pain and torment.
You are vulnerable to heat. (rF-)
You are in touch with the powers of death.
You do not drink.
You have a special connection with the divine. (Faith)


Message History

The kobold shouts!
You hit the kobold brigand. You burn the kobold brigand.
The kobold brigand hits you but does no damage.
Unknown command.
You barely miss the kobold brigand. The kobold brigand barely misses you.
Unknown command.
You puncture the kobold brigand! You burn the kobold brigand.
You kill the kobold brigand!
Casting: Sandblast (safe; 1% risk of failure)
Confirm with . or Enter, or press ? or * to list all spells.
Aiming: Stone Arrow (dangerous; 8% risk of failure)
Press: ? - help, Shift-Dir - straight line, f - orc warrior
Aim: an orc warrior, wielding a +0 battleaxe and wearing a +0 chain mail (64% to hit)
The stone arrow hits the orc warrior!
You hear a shout!
The orc warrior barely misses you.
An orc wizard comes into view. It is wielding a +0 dagger.
Casting: Stone Arrow (dangerous; 8% risk of failure)
Confirm with . or Enter, or press ? or * to list all spells.
Aiming: Stone Arrow (dangerous; 8% risk of failure)
Press: ? - help, Shift-Dir - straight line, f/p - orc warrior
Aim: an orc warrior, wielding a +0 battleaxe and wearing a +0 chain mail (moderately wounded, 64% to hit)
The stone arrow hits the orc warrior!!
The orc warrior misses you.
Unknown command.
You hit the orc warrior. You burn the orc warrior.
The orc warrior barely misses you.
Unknown command.
You hit the orc warrior but do no damage.
The orc warrior hits you with a +0 battleaxe!
* * * LOW HITPOINT WARNING * * *
Unknown command.
You barely miss the orc warrior.
The orc warrior hits you with a +0 battleaxe.
* * * LOW HITPOINT WARNING * * *
The orc wizard gestures wildly while chanting.
The orc wizard flickers and vanishes!
Deactivating autopickup; reactivate with Ctrl-A.
Unknown command.
You barely miss the orc warrior.
The orc warrior hits you with a +0 battleaxe!
* * * LOW HITPOINT WARNING * * *
An iguana comes into view.
Casting: Stone Arrow (dangerous; 8% risk of failure)
Confirm with . or Enter, or press ? or * to list all spells.
Aiming: Sandblast (safe; 1% risk of failure)
Press: ? - help, Shift-Dir - straight line, f/p - orc warrior
Aim: an orc warrior, wielding a +0 battleaxe and wearing a +0 chain mail (almost dead, 81% to hit)
The blast of sand hits the orc warrior but does no damage.
The orc warrior hits you with a +0 battleaxe!!
You die...

#...# #...# ## . +...+ .>.
.. #...# #######...
..l##...####........#
.....................
?....................
..##...####.........
+.....@oKK........ ##
#########{........ # #.
#########......### #.#.
#.Ko.K..'......#
#.#.#######.#######..!...#
#...........# #......#
#...........# ##+#####
#...........#
......#####.#


You could see an orc warrior, an iguana and 2 kobolds.

Vanquished Creatures
  Sigmund (D:2)
  A black bear (D:7)
  A kobold brigand (D:7)
  A bullfrog (D:7)
  A howler monkey (D:7)
  Natasha (thrice) (D:2)
  5 adders
  2 dart slugs (D:2)
  2 ribbon worms
  2 orcs
  7 ball pythons
  3 endoplasms
  10 giant cockroaches
  5 goblins
  8 hobgoblins
  8 jackals
  4 kobolds
  2 frilled lizards (D:3)
  6 rats
72 creatures vanquished.

Notes
Turn   | Place    | Note
-------+----------+-------------------------------------------
     0 | D:1      | Atraxa the Mummy Earth Elementalist began the quest for the
                  | Orb.
     0 | D:1      | Reached XP level 1. HP: 13/13 MP: 4/4
    85 | D:1      | Reached skill level 1 in Conjurations
   161 | D:1      | Reached skill level 3 in Spellcasting
   272 | D:1      | Reached XP level 2. HP: 19/19 MP: 4/6
   719 | D:2      | Noticed Natasha
   722 | D:2      | Killed Natasha
   723 | D:2      | Reached skill level 3 in Earth Magic
   723 | D:2      | Reached XP level 3. HP: 24/24 MP: 4/7
   823 | D:2      | Noticed Sigmund
   835 | D:2      | Killed Sigmund
   836 | D:2      | Reached skill level 3 in Conjurations
   836 | D:2      | Reached XP level 4. HP: 16/30 MP: 1/8
   836 | D:2      | Reached XP level 5. HP: 19/35 MP: 1/9
   955 | D:2      | Reached skill level 4 in Earth Magic
  1152 | D:2      | Found an opulent altar of Gozag.
  1197 | D:2      | Identified the +10 dagger of the Wasp {flame, rF+ Str+2
                  | Dex+3}
  1617 | D:2      | Noticed Natasha
  1624 | D:2      | Killed Natasha
  2237 | D:2      | Found an opulent altar of Gozag.
  2254 | D:2      | Noticed Natasha
  2260 | D:2      | Killed Natasha
  2261 | D:2      | Reached XP level 6. HP: 41/41 MP: 5/10
  3365 | D:3      | Learned a level 3 spell: Stone Arrow
  3455 | D:4      | You fall into a shaft and drop 3 floors!
  3468 | D:7      | Reached skill level 5 in Earth Magic
  3499 | D:7      | Reached skill level 1 in Fighting
  3499 | D:7      | Reached XP level 7. HP: 42/48 MP: 0/12
  3554 | D:7      | Mangled by an orc warrior

Illustrated notes

Levels and vault maps discovered:
D:1:      nzn_arrival_depleted_hourglass, layout_basic
D:2:      layout_loops_corners, basic_altar, uniq_natasha, uniq_sigmund
D:3:      minmay_roachtagon, layout_loops_ring
D:4:      layout_loops_corners, mainiacjoe_overflow_paths,
          jmf_multi_god_temple2, grunt_temple_overflow_cloverleaf,
          minmay_temple_entry_poolview
D:7:      layout_basic

Skill      XL: |  1  2  3  4  5  6 |
---------------+-------------------+-----
Conjurations   | 1 3 4 |  4.0
Spellcasting   | 3 |  3.9
Earth Magic    | 3 4 5 |  5.0
Fighting       | 1 |  1.8
Dodging        | |  1.5
Stealth        | |  1.5

Action                     |  1- 3 |  4- 6 |  7- 9 || total
---------------------------+-------+-------+-------++-------
  Melee: Unarmed           |     6 |       |       ||     6
         Punch             |     1 |       |       ||     1
         Dagger            |       |     9 |    17 ||    26
   Cast: Sandblast         |    29 |    86 |     2 ||   117
         Stone Arrow       |       |     3 |     2 ||     5
 Armour: Robe              |     9 |    27 |    16 ||    52
  Dodge: Dodged            |     7 |    30 |    12 ||    49

Table legend: (Time is in decaauts)
 A = Elapsed time spent in this place.
 B = Non-inter-level travel time spent in this place.
 C = Inter-level travel time spent in this place.
 D = Time resting spent in this place.
 E = Time spent auto-exploring this place.
 F = Levels seen in this place.
 G = Mean time per level.
                   A        B        C        D        E       F      G
               +--------+--------+--------+--------+--------+-----+--------+
         Total |   3611 |   3482 |    129 |     29 |   3017 |   5 |  722.2 |
       Dungeon |   3611 |   3482 |    129 |     29 |   3017 |   5 |  722.2 |
               +--------+--------+--------+--------+--------+-----+--------+

Top non-repeatable levels by time:
     D:2: 1884 daAuts
     D:3: 994 daAuts
     D:1: 610 daAuts
     D:7: 101 daAuts
     D:4: 20 daAuts
